 Dungeon Crawl Stone Soup version 0.30-a0-576-g89cddaab80 (webtiles) character file.

Game seed: 14817971810692218958

369 ryw the Grave Robber (level 6, -6/50 HPs)
             Began as a Hill Orc Necromancer on Dec 30, 2022.
             Killed from afar by Dowan (20 damage)
             ... with a stone arrow
             ... on level 4 of the Dungeon.
             The game lasted 00:08:34 (3891 turns).

ryw the Grave Robber (Hill Orc Necromancer)         Turns: 3891, Time: 00:08:35

Health: -6/50      AC:  7    Str: 21    XL:     6   Next: 70%
Magic:  0/10       EV: 12    Int: 17    God:
Gold:   173        SH:  0    Dex: 11    Spells: 6/10 levels left

rFire   . . .      SeeInvis .    o - +0 hand axe (venom)
rCold   . . .      Faith    .    (no shield)
rNeg    . . .      Spirit   +    x - +1 robe of Negation {Will+}
rPois   .          Reflect  .    (no helmet)
rElec   .          Harm     .    t - +0 cloak of Duty {Str+4}
rCorr   .          Rampage  .    (no gloves)
Will    +....                    b - +2 pair of boots
Stlth   ++                       v - amulet of guardian spirit
HPRegen 0.28/turn                c - +6 ring of strength
MPRegen 0.12/turn                (no ring)

@: invisible
A: no striking features
a: no special abilities


You were on level 4 of the Dungeon.
You visited 1 branch of the dungeon, and saw 4 of its levels.

You collected 173 gold pieces.

Inventory:

Hand Weapons
 f - a +0 hand axe
 o - a +0 hand axe of venom (weapon)
Armour
 a - a +0 robe
 b - a +2 pair of boots (worn)
 h - a +0 scale mail
 j - a +0 leather armour
 l - a +0 ring mail
 t - the +0 cloak of Duty (worn) {Str+4}
   (You found it on level 3 of the Dungeon)

   Str:       It affects your strength (+4).
 x - the +1 robe of Negation (worn) {Will+}
   (You found it on level 4 of the Dungeon)

   Will:      It increases your willpower.
Jewellery
 c - a +6 ring of strength (left hand)
 v - an amulet of guardian spirit (around neck)
Wands
 y - a wand of acid (2)
Scrolls
 d - 4 scrolls of teleportation
 e - a scroll of enchant armour
 g - 3 scrolls of vulnerability
 k - a scroll of amnesia
Potions
 n - a potion of mutation
 q - 5 potions of curing
 r - 2 potions of flight
 u - a potion of haste


   Skills:
 + Level 2.5 Fighting
 + Level 3.7 Axes
 - Level 1.0 Armour
 + Level 2.3 Dodging
 - Level 1.6 Stealth
 + Level 2.8 Spellcasting
 + Level 5.2 Necromancy


You had 6 spell levels left.
You knew the following spells:

 Your Spells              Type           Power      Damage    Failure   Level
a - Necrotise             Necr           80%        1d8       1%          1
b - Vampiric Draining     Necr           20%        2d7       6%          3

Your spell library contained the following spells:

 Spells                   Type           Power      Damage    Failure   Level
 Animate Dead             Necr           20%        N/A       21%         4
 Agony                    Necr           20%        N/A       50%         5


Dungeon Overview and Level Annotations

Branches:
Dungeon (4/15)
 Temple: D:4-7

Altars:
Nemelex Xobeh
Sif Muna
Uskayaw

Shops:
D:1 (

Annotations:
D:2 1 runed translucent door, Crazy Yiuf
D:4 exclusion: black bear, Dowan


Message History

Duvessa hits you with a +2 rapier of freezing.
Duvessa freezes you.
You catch the helpless Duvessa completely off-guard!
You hit Duvessa but do no damage.
Duvessa looks as sick as possible!
Duvessa is moderately wounded.
You closely miss Dowan. You hit Duvessa.
Duvessa looks as sick as possible!
Duvessa is severely wounded.
You hit Dowan.
Dowan is poisoned.
Dowan casts a spell.
Dowan blinks!
You catch the helpless Duvessa completely off-guard!
You hit Duvessa.
Duvessa looks as sick as possible!
Duvessa is almost dead.
You hit Duvessa.
You kill Duvessa!
Dowan screams, "No!
Oh no!"
Dowan points at you and mumbles some strange words.
The shard of ice hits you! Dowan barely misses you.
You hit Dowan but do no damage.
Dowan looks as sick as possible!
Dowan is moderately wounded.
Dowan barely misses you.
Dowan points at you and mumbles some strange words.
The shard of ice hits you!!
* * * LOW HITPOINT WARNING * * *
Unknown command.
You barely miss Dowan.
Dowan is heavily wounded.
Dowan gestures at you while chanting. The shard of ice misses you.
You hit Dowan but do no damage.
Dowan looks as sick as possible!
Dowan is heavily wounded.
Dowan hits you with a +0 dagger.
* * * LOW HITPOINT WARNING * * *
You hit Dowan.
Dowan looks as sick as possible!
Dowan is severely wounded.
Dowan casts a spell at you. The stone arrow hits you!!
You die...

##.###.##.##...## #.#
#.# #.##.###'## #.#
#.###)##.# #.##### #.#
#........# #.#...# #.#
#####.######.#...###
#.#
#.#####........#####.#
#..[.......).........#
######.....<...#######
#.#...@....#
#.#.#e..##.#
#......###.#
###........#
#.######.# #.# #.. #.#
###e #.# _.
######)#####.## #.


You could see Dowan (empowered, unable to see you, extremely poisoned).

Vanquished Creatures
  Duvessa (D:4)
  A centaur (D:4)
  An orc priest (D:3)
  Ijyb (D:4)
  6 adders
  2 dart slugs
  5 orcs
  5 endoplasms
  7 giant cockroaches
  4 goblins
  3 hobgoblins
  2 jackals (D:2)
  A quokka (D:2)
  8 ball pythons
  7 bats
  5 frilled lizards
  7 kobolds
  2 rats
68 creatures vanquished.

Vanquished Creatures (collateral kills)
  A ball python (D:2)
1 creature vanquished.

Grand Total: 69 creatures vanquished

Notes
Turn   | Place    | Note
-------+----------+-------------------------------------------
     0 | D:1      | ryw the Hill Orc Necromancer began the quest for the Orb.
     0 | D:1      | Reached XP level 1. HP: 14/14 MP: 3/3
   188 | D:1      | Reached XP level 2. HP: 7/20 MP: 2/4
   661 | D:1      | Found Dyrizago's Weapon Boutique.
   727 | D:1      | Reached skill level 1 in Axes
   727 | D:1      | Reached XP level 3. HP: 25/26 MP: 4/6
  1298 | D:2      | Found a runed translucent door.
  1299 | D:2      | Noticed Crazy Yiuf
  1336 | D:2      | Found a shimmering blue altar of Sif Muna.
  1658 | D:2      | Reached XP level 4. HP: 33/33 MP: 4/7
  2060 | D:3      | Identified the +0 cloak of Duty {Str+4}
  2269 | D:3      | Found a sparkling altar of Nemelex Xobeh.
  2400 | D:3      | Learned a level 3 spell: Vampiric Draining
  2974 | D:4      | Identified the +1 robe of Negation {Will+}
  3124 | D:4      | Noticed a black bear
  3201 | D:3      | Reached skill level 1 in Fighting
  3220 | D:3      | Reached XP level 5. HP: 23/40 MP: 1/8
  3224 | D:3      | Reached skill level 1 in Armour
  3545 | D:4      | Noticed Ijyb
  3556 | D:4      | Killed Ijyb
  3614 | D:4      | Found a hide-covered altar of Uskayaw.
  3614 | D:4      | Noticed Dowan
  3664 | D:4      | Noticed a centaur
  3680 | D:4      | Killed a centaur
  3681 | D:4      | Reached skill level 5 in Necromancy
  3681 | D:4      | Reached XP level 6. HP: 43/48 MP: 8/10
  3681 | D:4      | Noticed Duvessa
  3886 | D:4      | Killed Duvessa
  3891 | D:4      | Killed from afar by Dowan

Illustrated notes

Levels and vault maps discovered:
D:1:      saegor_arrival_simple_e, layout_basic, serial_shops,
          nicolae_shop_statue_plus, st_stairs_6
D:2:      layout_basic, basic_altar, uniq_crazy_yiuf_cottage
D:3:      layout_basic, lemuel_tele_altar
D:4:      layout_loops_corners, lemuel_crystal_altar, uniq_duvessa, uniq_robin,
          uniq_ijyb

Skill      XL: |  1  2  3  4  5 |
---------------+----------------+-----
Spellcasting   | 2 |  2.8
Axes           | 1 2 3 |  3.7
Fighting       | 1 2 |  2.5
Armour         | 1 |  1.0
Dodging        | 2 |  2.3
Necromancy     | 5 |  5.2
Stealth        | |  1.6

Action                   |  1- 3 |  4- 6 || total
-------------------------+-------+-------++-------
Melee: Short sword       |     7 |       ||     7
       Unarmed           |     2 |       ||     2
       Hand axe          |    21 |    70 ||    91
 Cast: Necrotise         |    51 |    51 ||   102
  Use: Potion            |     2 |     1 ||     3
       Scroll            |       |    11 ||    11
 Stab: Distracted        |       |     1 ||     1
       Invisible         |       |     2 ||     2
Armor: Robe              |     5 |    31 ||    36
       Leather armour    |    13 |    13 ||    26
Dodge: Dodged            |    29 |    58 ||    87

Table legend: (Time is in decaauts)
 A = Elapsed time spent in this place.
 B = Non-inter-level travel time spent in this place.
 C = Inter-level travel time spent in this place.
 D = Time resting spent in this place.
 E = Time spent auto-exploring this place.
 F = Levels seen in this place.
 G = Mean time per level.
                   A        B        C        D        E       F      G
               +--------+--------+--------+--------+--------+-----+--------+
         Total |   3907 |   3807 |    100 |    327 |   2803 |   4 |  976.8 |
       Dungeon |   3907 |   3807 |    100 |    327 |   2803 |   4 |  976.8 |
               +--------+--------+--------+--------+--------+-----+--------+

Top non-repeatable levels by time:
     D:3: 1294 daAuts
     D:2: 991 daAuts
     D:1: 914 daAuts
     D:4: 707 daAuts
